 Dungeon Crawl Stone Soup version 0.28.0 (webtiles) character file.

Game seed: 18370148693275576193

18 Host24 the Bolt Thrower (level 2, -2/19 HPs)
             Began as a Kobold Hunter on Mar 11, 2022.
             Slain by a gnoll (3 damage)
             ... on level 2 of the Dungeon.
             The game lasted 00:01:16 (914 turns).

Host24 the Bolt Thrower (Kobold Hunter)              Turns: 914, Time: 00:01:16

Health: -2/19      AC:  3    Str:  9    XL:     2   Next: 90%
Magic:  2/2        EV: 14    Int: 12    God:
Gold:   56         SH:  0    Dex: 15    Spells: 1/1 levels left

rFire   . . .      SeeInvis .   b - +0 short sword
rCold   . . .      Faith    .   (no shield)
rNeg    . . .      Spirit   .   c - +0 leather armour
rPois   .          Reflect  .   (no helmet)
rElec   .          Harm     .   (no cloak)
rCorr   .          Rampage  .   (no gloves)
Will    .....                   (no boots)
Stlth   +++.......              (no amulet)
HPRegen 0.06/turn               (no ring)
MPRegen 0.08/turn               (no ring)

@: no status effects
A: small, no large weapons, nightstalker 3
a: no special abilities


You were on level 2 of the Dungeon.
You visited 1 branch of the dungeon, and saw 2 of its levels.

You collected 56 gold pieces.

Inventory:

Hand Weapons
 a - a +1 hand crossbow
 b - a +0 short sword (weapon)
Missiles
 d - 20 bolts
 e - 19 stones (quivered)
Armour
 c - a +0 leather armour (worn)
Scrolls
 f - a scroll of teleportation {unknown}
 h - a scroll of acquirement {unknown}
Potions
 g - a potion of mutation {unknown}
 i - a potion of lignification {unknown}


   Skills:
 - Level 3.0 Fighting
 - Level 5.0 Crossbows
 + Level 2.7 Dodging
 - Level 1.3 Stealth


You had one spell level left.
You didn't know any spells.
Your spell library was empty.

Dungeon Overview and Level Annotations

Branches:
Dungeon (1/15)

Altars:


Innate Abilities, Weirdness & Mutations

You are small and have problems with some larger weapons.
You are completely attuned to the shadows.


Message History

You hit the kobold.
You kill the kobold!
Found an escape hatch in the floor.
i - a sedimented red potion A sourceless malevolence fills the Dungeon...
You fall into a shaft and drop 1 floor!
The shaft crumbles and collapses.
Found five items.
A kobold comes into view. It is wielding a +0 dagger.
You closely miss the kobold.
The kobold shouts!
You hear a shout! x3
The kobold hits you but does no damage.
A gnoll comes into view. It is wielding a +0 spear.
The kobold barely misses you.
You hit the kobold but do no damage. The kobold hits you with a +0 dagger.
You closely miss the kobold.
A gnoll comes into view. It is wielding a +0 whip.
The kobold closely misses you.
You barely miss the kobold.
The gnoll shouts!
You hear a shout!
The gnoll hits you from afar with a +0 spear.
The kobold misses you.
You barely miss the kobold.
The gnoll hits you from afar with a +0 spear.
The kobold misses you.
The gnoll hits you from afar with a +0 spear.
The kobold misses you. The kobold hits you with a +0 dagger.
Found a flail.
The kobold hits you with a +0 dagger.
You see here a +0 flail.
A hobgoblin comes into view.
The hobgoblin shouts!
The hobgoblin completely misses you. The hobgoblin hits you.
* * * LOW HITPOINT WARNING * * *
The gnoll hits you from afar with a +0 spear.
* * * LOW HITPOINT WARNING * * *
The gnoll hits you from afar with a +0 spear.
You die...

###########
#.........#
#....K....#
+.........#
#..@g.....#
.....gg....#
##.........#
#.........#
####.#)####
#.#.# #.#.#
#.# #.#


You could see 2 gnolls, a hobgoblin and a kobold.

Vanquished Creatures
  2 ball pythons (D:1)
  2 endoplasms (D:1)
  A hobgoblin (D:1)
  2 jackals (D:1)
  2 quokkas (D:1)
  2 bats (D:1)
  3 frilled lizards (D:1)
  2 kobolds (D:1)
  2 rats (D:1)
18 creatures vanquished.

Notes
Turn   | Place    | Note
-------+----------+-------------------------------------------
     0 | D:1      | Host24 the Kobold Hunter began the quest for the Orb.
     0 | D:1      | Reached XP level 1. HP: 12/12 MP: 1/1
    73 | D:1      | Reached skill level 5 in Crossbows
   163 | D:1      | Reached XP level 2. HP: 18/18 MP: 2/2
   876 | D:1      | You fall into a shaft and drop 1 floor!
   914 | D:2      | Slain by a gnoll

Illustrated notes

Levels and vault maps discovered:
D:1:      sevenhm_arrival_forest_fort_large_2, layout_basic,
          dreamdust_ecumenical_altar_grove, minmay_pentomino_z2
D:2:      layout_basic, basic_altar, due_unseen_surprise, uniq_jessica

Skill      XL: |  1  2 |
---------------+-------+-----
Crossbows      | 5 |  5.0
Fighting       | 3 |  3.0
Dodging        | |  2.7
Stealth        | |  1.3

Action                   || total
-------------------------++-------
Melee: Short sword       ||    53
       Punch             ||     1
 Fire: Hand crossbow     ||     6
 Stab: Sleeping          ||     6
Armor: Leather armour    ||     6
Dodge: Dodged            ||    51
